TOP OF THE 1ST |
Wizarding Express batting - Pitching for Montana Pandas : RHP Greg White
|
Pitching: RHP Greg White
|
|
Batting: LHB Nathan Tanner
|
0-0: Ball 1-0: Foul Ball, location: 2F 1-1: Foul Ball, location: 2F 1-2: DOUBLE (Line Drive, 7LM)
|
Batting: LHB Chris Thurman
|
0-0: Ball 1-0: Foul Ball, location: 2F 1-1: Foul Ball, location: 2F 1-2: Ball 2-2: Ball 3-2: Strikes out swinging
|
Batting: RHB Cole Shaffer
|
0-0: Ball Nathan Tanner steals 3rd base 1-0: Called Strike 1-1: Foul Ball, location: 2F 1-2: Ball 2-2: Foul Ball, location: 2F 2-2: SINGLE (Groundball, 6MD) Nathan Tanner scores
|
Batting: LHB Júlio Valentín
|
0-0: Ball 1-0: Grounds into double play, 4-6-3 (Groundball, 34)
|
Top of the 1st over - 1 run(s), 2 hit(s), 0 error(s), 0 left on base; Wizarding 1 - Montana 0 |
BOTTOM OF THE 1ST |
Montana Pandas batting - Pitching for Wizarding Express : RHP Henry Hall
|
Pitching: RHP Henry Hall
|
|
Batting: RHB Rob Warner
|
0-0: Swinging Strike 0-1: Swinging Strike 0-2: Strikes out looking
|
Batting: RHB Pancho Salaedo
|
0-0: Foul Ball, location: 2F 0-1: Ball 1-1: Foul Ball, location: 2F 1-2: Foul Ball, location: 2F 1-2: Strikes out looking
|
Batting: RHB Brent Ryan
|
0-0: Ball 1-0: Called Strike 1-1: Ground out 6-3 (Groundball, 6M)
|
Bottom of the 1st over - 0 run(s), 0 hit(s), 0 error(s), 0 left on base; Wizarding 1 - Montana 0 |
TOP OF THE 2ND |
Wizarding Express batting - Pitching for Montana Pandas : RHP Greg White
|
Batting: LHB Kyung-chor Pang
|
0-0: Ball 1-0: Foul Ball, location: 2F 1-1: Fly out, F9 (Line Drive, 9LD)
|
Batting: RHB António Martínez
|
0-0: Ground out 4-3 (Groundball, 4)
|
Batting: SHB Eugene Parrish
|
0-0: Foul Ball, location: 2F 0-1: Ball 1-1: Ball 2-1: Ball 3-1: SINGLE (Groundball, 56D)
|
Batting: RHB Nathan Clay
|
0-0: Fly out, F9 (Flyball, 9LM)
|
Top of the 2nd over - 0 run(s), 1 hit(s), 0 error(s), 1 left on base; Wizarding 1 - Montana 0 |
BOTTOM OF THE 2ND |
Montana Pandas batting - Pitching for Wizarding Express : RHP Henry Hall
|
Batting: RHB Luis Muńóz
|
0-0: Called Strike 0-1: Ball 1-1: SOLO HOME RUN (Flyball, 78XD), Distance : 385 ft
|
Batting: LHB Luis Velázquez
|
0-0: Ball 1-0: Ball 2-0: Ball 3-0: Base on Balls
|
Batting: RHB Ted Cook
|
0-0: Ball 1-0: Ball 2-0: Foul Ball, location: 2F 2-1: DOUBLE (Groundball, 5L) Luis Velázquez to third
|
Batting: RHB Dani Trejo
|
0-0: Called Strike 0-1: Ball 1-1: Swinging Strike 1-2: Foul Ball, location: 2F 1-2: Ball 2-2: Foul Ball, location: 2F 2-2: Ball 3-2: Foul Ball, location: 2F 3-2: Base on Balls
|
Batting: LHB António González
|
0-0: Called Strike 0-1: Swinging Strike 0-2: Ball 1-2: Foul Ball, location: 2F 1-2: Foul Ball, location: 2F 1-2: Ball 2-2: Ball 3-2: Base on Balls Luis Velázquez scores Ted Cook to third Dani Trejo to second
|
Batting: RHB Jim Scott
|
0-0: Fly out, F3 (Popup, 3SF)
|
Batting: RHB Rob Warner
|
0-0: Ball 1-0: Ball 2-0: Ball 3-0: Called Strike 3-1: Ground out 5-3 (Groundball, 5S) Ted Cook scores Dani Trejo to third António González to second
|
Batting: RHB Pancho Salaedo
|
0-0: Ground out 1-3 (Groundball, 23)
|
Bottom of the 2nd over - 3 run(s), 2 hit(s), 0 error(s), 2 left on base; Wizarding 1 - Montana 3 |
TOP OF THE 3RD |
Wizarding Express batting - Pitching for Montana Pandas : RHP Greg White
|
Batting: SHB Félix Cruz
|
0-0: Called Strike 0-1: Foul Ball, location: 2F 0-2: Ball 1-2: Strikes out swinging
|
Batting: LHB Nathan Tanner
|
0-0: Foul Ball, location: 2F 0-1: Ball 1-1: Ground out 4-3 (Groundball, 4)
|
Batting: LHB Chris Thurman
|
0-0: Ball 1-0: Foul Ball, location: 2F 1-1: Fly out, F7 (Flyball, 7LS)
|
Top of the 3rd over - 0 run(s), 0 hit(s), 0 error(s), 0 left on base; Wizarding 1 - Montana 3 |
BOTTOM OF THE 3RD |
Montana Pandas batting - Pitching for Wizarding Express : RHP Henry Hall
|
Batting: RHB Brent Ryan
|
0-0: Ground out 5-3 (Groundball, 5)
|
Batting: RHB Luis Muńóz
|
0-0: Ball 1-0: Foul Ball, location: 2F 1-1: Fly out, F7 (Flyball, 7S)
|
Batting: LHB Luis Velázquez
|
0-0: Ball 1-0: Fly out, F5 (Popup, 15)
|
Bottom of the 3rd over - 0 run(s), 0 hit(s), 0 error(s), 0 left on base; Wizarding 1 - Montana 3 |
TOP OF THE 4TH |
Wizarding Express batting - Pitching for Montana Pandas : RHP Greg White
|
Batting: RHB Cole Shaffer
|
0-0: Called Strike 0-1: Ground out 5-3 (Groundball, 5L)
|
Batting: LHB Júlio Valentín
|
0-0: Ball 1-0: Called Strike 1-1: Fly out, F2 (Popup, 2RF)
|
Batting: LHB Kyung-chor Pang
|
0-0: Swinging Strike 0-1: Fly out, F7 (Flyball, 7S)
|
Top of the 4th over - 0 run(s), 0 hit(s), 0 error(s), 0 left on base; Wizarding 1 - Montana 3 |
BOTTOM OF THE 4TH |
Montana Pandas batting - Pitching for Wizarding Express : RHP Henry Hall
|
Batting: RHB Ted Cook
|
0-0: Ground out 3-1 (Groundball, 4S)
|
Batting: RHB Dani Trejo
|
0-0: SINGLE (Groundball, 56D)
|
Batting: LHB António González
|
0-0: Called Strike 0-1: Grounds into double play, 5-4-3 (Groundball, 56)
|
Bottom of the 4th over - 0 run(s), 1 hit(s), 0 error(s), 0 left on base; Wizarding 1 - Montana 3 |
TOP OF THE 5TH |
Wizarding Express batting - Pitching for Montana Pandas : RHP Greg White
|
Batting: RHB António Martínez
|
0-0: Called Strike 0-1: Ball 1-1: Swinging Strike 1-2: Ground out 6-3 (Groundball, 6M)
|
Batting: SHB Eugene Parrish
|
0-0: Swinging Strike 0-1: Called Strike 0-2: Ball 1-2: Ball 2-2: Ground out 4-3 (Groundball, 4)
|
Batting: RHB Nathan Clay
|
0-0: Ball 1-0: Called Strike 1-1: Called Strike 1-2: Strikes out swinging
|
Top of the 5th over - 0 run(s), 0 hit(s), 0 error(s), 0 left on base; Wizarding 1 - Montana 3 |
BOTTOM OF THE 5TH |
Montana Pandas batting - Pitching for Wizarding Express : RHP Henry Hall
|
Batting: RHB Jim Scott
|
0-0: Ball 1-0: Fly out, F5 (Line Drive, 5)
|
Batting: RHB Rob Warner
|
0-0: Called Strike 0-1: Ball 1-1: Ball 2-1: Ball 3-1: Swinging Strike 3-2: Base on Balls
|
Batting: RHB Pancho Salaedo
|
0-0: Ball 1-0: SINGLE (Line Drive, 56D) Rob Warner to second
|
Batting: RHB Brent Ryan
|
0-0: Ball 1-0: Ball 2-0: Called Strike 2-1: Swinging Strike 2-2: Fly out, F9 (Flyball, 9M)
|
Pitching: LHP Ming-jiang Wu
|
|
Batting: RHB Luis Muńóz
|
0-0: Ball 1-0: Called Strike 1-1: Ball 2-1: Ball 3-1: Called Strike 3-2: Base on Balls Rob Warner to third Pancho Salaedo to second
|
Batting: LHB Luis Velázquez
|
0-0: Ball 1-0: Called Strike 1-1: Swinging Strike 1-2: Ball 2-2: Foul Ball, location: 2F 2-2: Ground out 1-3 (Groundball, 15)
|
Bottom of the 5th over - 0 run(s), 1 hit(s), 0 error(s), 3 left on base; Wizarding 1 - Montana 3 |
TOP OF THE 6TH |
Wizarding Express batting - Pitching for Montana Pandas : RHP Greg White
|
Batting: SHB Félix Cruz
|
0-0: Called Strike 0-1: Ball 1-1: Called Strike 1-2: Foul Ball, location: 2F 1-2: Ball 2-2: Ball 3-2: Strikes out swinging
|
Batting: LHB Nathan Tanner
|
0-0: Ball 1-0: Called Strike 1-1: Called Strike 1-2: Fly out, F9 (Flyball, 9D)
|
Batting: LHB Chris Thurman
|
0-0: Ball 1-0: SINGLE (Groundball, 34D)
|
Pitching: RHP Shi-lin Li
|
|
Batting: RHB Cole Shaffer
|
Pickoff Throw to First - Error! E1 Chris Thurman to second 0-0: Foul Ball, location: 2F 0-1: Ground out 6-3 (Groundball, 6)
|
Top of the 6th over - 0 run(s), 1 hit(s), 1 error(s), 1 left on base; Wizarding 1 - Montana 3 |
BOTTOM OF THE 6TH |
Montana Pandas batting - Pitching for Wizarding Express : LHP Ming-jiang Wu
|
Batting: RHB Ted Cook
|
0-0: Ball 1-0: Ball 2-0: Called Strike 2-1: Foul Ball, location: 2F 2-2: Foul Ball, location: 2F 2-2: Foul Ball, location: 2F 2-2: Ball 3-2: Strikes out swinging
|
Batting: RHB Dani Trejo
|
0-0: Ball 1-0: Called Strike 1-1: Ground out 6-3 (Groundball, 6)
|
Batting: LHB António González
|
0-0: Foul Ball, location: 2F 0-1: Ball 1-1: Swinging Strike 1-2: Ball 2-2: Ground out 4-3 (Groundball, 4M)
|
Bottom of the 6th over - 0 run(s), 0 hit(s), 0 error(s), 0 left on base; Wizarding 1 - Montana 3 |
TOP OF THE 7TH |
Wizarding Express batting - Pitching for Montana Pandas : RHP Shi-lin Li
|
Batting: LHB Júlio Valentín
|
0-0: Ball 1-0: Called Strike 1-1: Ground out 4-3 (Groundball, 34)
|
Batting: LHB Kyung-chor Pang
|
0-0: Called Strike 0-1: Ball 1-1: Swinging Strike 1-2: Ball 2-2: Foul Ball, location: 2F 2-2: Ball 3-2: Foul Ball, location: 2F 3-2: Base on Balls
|
Batting: RHB António Martínez
|
0-0: Ball 1-0: Called Strike Kyung-chor Pang steals 2nd base 1-1: Foul Ball, location: 2F 1-2: Ball 2-2: SINGLE (Line Drive, 7S) Kyung-chor Pang to third Runner from 3rd tries for Home, SAFE, throw made home António Martínez to second
|
Pinch Hitting: RHB Carlos Ortega
|
0-0: Ball 1-0: Ball 2-0: Foul Ball, location: 2F 2-1: Swinging Strike 2-2: Foul Ball, location: 2F 2-2: Ball 3-2: Base on Balls
|
Pinch Hitting: LHB Micheal Garren
|
0-0: Called Strike 0-1: Ball 1-1: Ball 2-1: Swinging Strike 2-2: Strikes out swinging
|
Batting: SHB Félix Cruz
|
0-0: Ball 1-0: Swinging Strike 1-1: Swinging Strike 1-2: Ground out U3 (Groundball, 3S)
|
Top of the 7th over - 1 run(s), 1 hit(s), 0 error(s), 2 left on base; Wizarding 2 - Montana 3 |
BOTTOM OF THE 7TH |
Montana Pandas batting - Pitching for Wizarding Express : LHP Ming-jiang Wu
|
Now at 1B: Carlos Ortega
|
|
Now at SS: Michael Montgomery
|
|
Batting: RHB Jim Scott
|
0-0: Ball 1-0: Swinging Strike 1-1: SINGLE (Groundball, 56)
|
Batting: RHB Rob Warner
|
0-0: Ball 1-0: Ball 2-0: Called Strike 2-1: Foul Ball, location: 2F 2-2: Ball 3-2: SINGLE (Groundball, 25) (infield hit) Jim Scott to second
|
Batting: RHB Pancho Salaedo
|
0-0: Foul Ball, location: 2F 0-1: Foul Ball, location: 2F 0-2: Ball 1-2: Ball 2-2: Strikes out swinging
|
Batting: RHB Brent Ryan
|
0-0: Called Strike 0-1: Grounds into double play, 5-4-3 (Groundball, 56)
|
Bottom of the 7th over - 0 run(s), 2 hit(s), 0 error(s), 1 left on base; Wizarding 2 - Montana 3 |
TOP OF THE 8TH |
Wizarding Express batting - Pitching for Montana Pandas : RHP Shi-lin Li
|
Pitching: LHP Motoyuki Nakamura
|
|
Now in CF: Mauro López
|
|
Batting: LHB Nathan Tanner
|
0-0: Ball 1-0: Ground out 1-3 (Groundball, 13)
|
Batting: LHB Chris Thurman
|
0-0: Called Strike 0-1: Foul Ball, location: 2F 0-2: Ball 1-2: Strikes out swinging, 2-3 out at first.
|
Pitching: RHP Frank Walker
|
|
Batting: RHB Cole Shaffer
|
0-0: Called Strike 0-1: Ball 1-1: Ball 2-1: Ground out 6-3 (Groundball, 6)
|
Top of the 8th over - 0 run(s), 0 hit(s), 0 error(s), 0 left on base; Wizarding 2 - Montana 3 |
BOTTOM OF THE 8TH |
Montana Pandas batting - Pitching for Wizarding Express : LHP Ming-jiang Wu
|
Batting: RHB Luis Muńóz
|
0-0: Called Strike 0-1: Foul Ball, location: 2F 0-2: Ball 1-2: Ball 2-2: Fly out, F6 (Popup, 6D)
|
Batting: LHB Luis Velázquez
|
0-0: Ball 1-0: Ground out U3 (Groundball, 3S)
|
Batting: RHB Ted Cook
|
0-0: Ball 1-0: Ground out 6-3 (Groundball, 6M)
|
Bottom of the 8th over - 0 run(s), 0 hit(s), 0 error(s), 0 left on base; Wizarding 2 - Montana 3 |
TOP OF THE 9TH |
Wizarding Express batting - Pitching for Montana Pandas : RHP Frank Walker
|
Pitching: RHP Guillermo Pérez
|
|
Batting: LHB Júlio Valentín
|
0-0: Called Strike 0-1: Ball 1-1: Foul Ball, location: 2F 1-2: Fly out, F4 (Popup, 89S)
|
Batting: LHB Kyung-chor Pang
|
0-0: Called Strike 0-1: Foul Ball, location: 2F 0-2: Ball 1-2: Foul Ball, location: 2F 1-2: Ball 2-2: SINGLE (Groundball, 34)
|
Batting: RHB António Martínez
|
0-0: Called Strike 0-1: Fly out, F8 (Flyball, 8RD)
|
Batting: RHB Carlos Ortega
|
0-0: Ball 1-0: SINGLE (Groundball, 56D) Kyung-chor Pang to second
|
Batting: RHB Michael Montgomery
|
0-0: Fly out, F9 (Flyball, 89S)
|
Top of the 9th over - 0 run(s), 2 hit(s), 0 error(s), 2 left on base; Wizarding 2 - Montana 3 |
|